 Dungeon Crawl Stone Soup version 0.24.0-123-gd5b16e6ec5 (webtiles) character file.

Game seed: 13385310012845112457, levelgen mode: deterministic

432 DungeonDestroyer the Shield-Bearer (level 7, -3/59 HPs)
             Began as a Gnoll Fighter on Jan 14, 2020.
             Splashed by a jelly's acid (5 damage)
             ... on level 6 of the Dungeon.
             The game lasted 00:06:57 (3078 turns).

DungeonDestroyer the Shield-Bearer (Gnoll Fighter)  Turns: 3078, Time: 00:06:59

Health: -3/59      AC:  1    Str: 19    XL:     7   Next: 0%
Magic:  10/10      EV:  5    Int: 11    God:
Gold:   113        SH: 11    Dex: 15    Spells: 10/10 levels left

rFire    . . .     SeeInvis .   a - +0 long sword
rCold    . . .     Gourm    .   c - +0 shield
rNeg     . . .     Faith    .   g - +0 plate armour
rPois    .         Spirit   .   (no helmet)
rElec    .         Reflect  .   (no cloak)
rCorr    .         Harm     .   (no gloves)
MR       .....                  (no boots)
Stlth    ..........             (no amulet)
HPRegen  0.19/turn              (no ring)
MPRegen  0.12/turn              (no ring)

@: corroded
A: distributed training, fangs 1, strong nose
a: no special abilities


You were on level 6 of the Dungeon.
You were not hungry.

You visited 1 branch of the dungeon, and saw 4 of its levels.

You collected 113 gold pieces.

Inventory:

Hand Weapons
 a - a +0 long sword (weapon)
 l - a +2 flail of holy wrath
Missiles
 h - 69 stones (quivered)
 m - 29 sling bullets
 n - 63 arrows
Armour
 c - a +0 shield (worn)
 g - a +0 plate armour (worn)
Scrolls
 e - 5 scrolls of identify
 k - 2 scrolls of teleportation
 p - a scroll of amnesia {unknown}
Potions
 d - a potion of might
 i - 4 potions of heal wounds
 j - 2 potions of curing
 o - a potion of degeneration {unknown}
Comestibles
 f - 8 rations


   Skills:
 + Level 6.9 Fighting
 + Level 2.1 Short Blades
 + Level 5.1 Long Blades
 + Level 2.1 Axes
 + Level 2.1 Maces & Flails
 + Level 2.1 Polearms
 + Level 2.1 Staves
 + Level 2.1 Slings
 + Level 2.1 Bows
 + Level 2.1 Crossbows
 + Level 2.1 Throwing
 + Level 6.9 Armour
 + Level 2.1 Dodging
 + Level 2.1 Stealth
 + Level 6.9 Shields
 + Level 2.1 Unarmed Combat
 + Level 2.1 Spellcasting
 + Level 1.7 Conjurations
 + Level 1.7 Hexes
 + Level 1.7 Charms
 + Level 1.7 Summonings
 + Level 1.7 Necromancy
 + Level 1.7 Translocations
 + Level 1.7 Transmutations
 + Level 1.7 Fire Magic
 + Level 1.7 Ice Magic
 + Level 1.7 Air Magic
 + Level 1.7 Earth Magic
 + Level 1.7 Poison Magic
 + Level 2.4 Invocations
 + Level 2.1 Evocations


You had 10 spell levels left.
You didn't know any spells.
Your spell library was empty.

Dungeon Overview and Level Annotations

Branches:
Dungeon (3/15)

Altars:


Innate Abilities, Weirdness & Mutations

Your experience applies equally to all skills.
You have very sharp teeth.
Your uncanny sense of smell can sniff out nearby items.


Message History

The jelly is severely wounded.
The jelly completely misses you.
You hit the jelly but do no damage.
Your hands burn!
You bite the jelly, but do no damage.
The jelly is severely wounded.
The jelly hits you.
You are splashed with acid.
You hit the jelly.
Your hands burn!
* * * LOW HITPOINT WARNING * * *
The jelly is almost dead.
The jelly hits you.
* * * LOW HITPOINT WARNING * * *
You are splashed with acid!
* * * LOW HITPOINT WARNING * * *
You hit the jelly.
Your hands burn!
* * * LOW HITPOINT WARNING * * *
The jelly is almost dead.
The jelly hits you.
* * * LOW HITPOINT WARNING * * *
You are splashed with acid.
You die...

#..# ####### #..#
......#####..#
#########........##
.......>#..#####..#
..#####.#..######.####.#
........#..#.............
.[.######..##.##.......##
...######..# #@#.###.#
.#.........##...J#..# #
.....)...#.##....##.#
########.#.##....# .#
#.#.#<....# .#
#.#.#.#<#.# #.#.#.#.#)#
#.#.# ###.# #.#.#


You could see a jelly.

Vanquished Creatures
  A centaur (D:3)
  A hound (D:6)
  An orc priest (D:6)
  3 orc wizards
  5 adders
  4 gnolls (D:3)
  2 oozes
  A worm (D:3)
  2 dart slugs
  6 leopard geckos
  12 orcs
  13 bats
  A giant cockroach (D:1)
  13 goblins
  5 hobgoblins
  3 jackals (D:3)
  8 kobolds
  A quokka (D:3)
  3 ball pythons (D:2)
  7 frilled lizards
  9 rats
101 creatures vanquished.

Notes
Turn   | Place    | Note
-------+----------+-------------------------------------------
     0 | D:1      | DungeonDestroyer the Gnoll Fighter began the quest for the
                  | Orb.
     0 | D:1      | Reached XP level 1. HP: 23/23 MP: 1/1
    47 | D:1      | Reached XP level 2. HP: 22/29 MP: 2/2
   240 | D:1      | Reached XP level 3. HP: 35/35 MP: 3/3
   510 | D:2      | Reached skill level 1 in Invocations
   686 | D:2      | Reached skill level 1 in Short Blades
   686 | D:2      | Reached skill level 1 in Axes
   686 | D:2      | Reached skill level 1 in Maces & Flails
   686 | D:2      | Reached skill level 1 in Polearms
   686 | D:2      | Reached skill level 1 in Staves
   686 | D:2      | Reached skill level 1 in Slings
   686 | D:2      | Reached skill level 1 in Bows
   686 | D:2      | Reached skill level 1 in Crossbows
   686 | D:2      | Reached skill level 1 in Throwing
   686 | D:2      | Reached skill level 1 in Dodging
   686 | D:2      | Reached skill level 1 in Stealth
   686 | D:2      | Reached skill level 1 in Unarmed Combat
   686 | D:2      | Reached skill level 1 in Spellcasting
   686 | D:2      | Reached skill level 1 in Evocations
   730 | D:2      | Reached XP level 4. HP: 41/41 MP: 5/5
   968 | D:2      | Reached skill level 1 in Conjurations
   968 | D:2      | Reached skill level 1 in Hexes
   968 | D:2      | Reached skill level 1 in Charms
   968 | D:2      | Reached skill level 1 in Summonings
   968 | D:2      | Reached skill level 1 in Necromancy
   968 | D:2      | Reached skill level 1 in Translocations
   968 | D:2      | Reached skill level 1 in Transmutations
   968 | D:2      | Reached skill level 1 in Fire Magic
   968 | D:2      | Reached skill level 1 in Ice Magic
   968 | D:2      | Reached skill level 1 in Air Magic
   968 | D:2      | Reached skill level 1 in Earth Magic
   968 | D:2      | Reached skill level 1 in Poison Magic
  1412 | D:2      | Reached XP level 5. HP: 42/47 MP: 6/6
  2391 | D:3      | Noticed a centaur
  2398 | D:3      | Killed a centaur
  2398 | D:3      | Reached XP level 6. HP: 53/53 MP: 8/8
  2682 | D:3      | Reached skill level 5 in Long Blades
  2794 | D:3      | You fall into a shaft and drop 3 floors!
  3034 | D:6      | Reached XP level 7. HP: 59/59 MP: 10/10
  3078 | D:6      | HP: 2/59 [jelly (3)]
  3078 | D:6      | Splashed by a jelly's acid

Levels and vault maps discovered:
D:1:      doesnt_arrival_eight_statues, layout_rooms
D:2:      layout_basic, first_ration
D:3:      layout_basic
D:6:      layout_basic

Skill      XL: |  1  2  3  4  5  6 |
---------------+-------------------+-----
Invocations    | 1 2 |  2.4
Short Blades   | 1 2 |  2.1
Axes           | 1 2 |  2.1
Maces & Flails | 1 2 |  2.1
Polearms       | 1 2 |  2.1
Staves         | 1 2 |  2.1
Slings         | 1 2 |  2.1
Bows           | 1 2 |  2.1
Crossbows      | 1 2 |  2.1
Throwing       | 1 2 |  2.1
Dodging        | 1 2 |  2.1
Stealth        | 1 2 |  2.1
Unarmed Combat | 1 2 |  2.1
Spellcasting   | 1 2 |  2.1
Evocations     | 1 2 |  2.1
Conjurations   | 1 |  1.7
Hexes          | 1 |  1.7
Charms         | 1 |  1.7
Summonings     | 1 |  1.7
Necromancy     | 1 |  1.7
Translocations | 1 |  1.7
Transmutations | 1 |  1.7
Fire Magic     | 1 |  1.7
Ice Magic      | 1 |  1.7
Air Magic      | 1 |  1.7
Earth Magic    | 1 |  1.7
Poison Magic   | 1 |  1.7
Long Blades    | 5 |  5.1
Fighting       | |  6.9
Armour         | |  6.9
Shields        | |  6.9

Action                   |  1- 3 |  4- 6 |  7- 9 || total
-------------------------+-------+-------+-------++-------
Melee: Long sword        |   123 |   224 |    10 ||   357
       Bite              |    13 |    32 |     3 ||    48
  Use: Scroll            |     3 |     2 |       ||     5
       Potion            |     2 |     3 |       ||     5
  Eat: Chunk             |       |     8 |       ||     8
Armor: Scale mail        |    64 |     8 |       ||    72
       Chain mail        |       |    22 |       ||    22
       Plate armour      |       |    80 |     1 ||    81
Dodge: Dodged            |    53 |    53 |     3 ||   109
Block: Shield            |   102 |   173 |     3 ||   278
       Rpst.: Long sword |    16 |    20 |       ||    36
